 Dungeon Crawl Stone Soup version 0.28-a0-728-g0181a31188 (webtiles) character file.

Game seed: 8666531965582698254

0 Ijustatesigmund the Covert (level 1, -1/23 HPs)
             Began as a Gnoll Delver on Oct 28, 2021.
             Slain by an ogre (9 damage)
             ... on level 5 of the Dungeon.
             The game lasted 00:01:01 (86 turns).

Ijustatesigmund the Covert (Gnoll Delver)             Turns: 86, Time: 00:01:01

Health: -1/23      AC:  3    Str: 11    XL:     1   Next: 10%
Magic:  1/1        EV: 13    Int:  9    God:
Gold:   17         SH:  0    Dex: 13    Spells: 0/0 levels left

rFire   . . .      SeeInvis .   a - +0 hand axe
rCold   . . .      Faith    .   (no shield)
rNeg    . . .      Spirit   .   b - +0 leather armour
rPois   .          Reflect  .   (no helmet)
rElec   .          Harm     .   (no cloak)
rCorr   .          Rampage  .   (no gloves)
Will    .....                   (no boots)
Stlth   ++++......              (no amulet)
HPRegen 0.07/turn               (no ring)
MPRegen 0.07/turn               (no ring)

@: no status effects
A: fangs 1, strong nose, distributed training
a: no special abilities


You were on level 5 of the Dungeon.
You visited 1 branch of the dungeon, and saw 2 of its levels.

You collected 17 gold pieces.

Inventory:

Hand Weapons
 a - a +0 hand axe (weapon)
Armour
 b - a +0 leather armour (worn)
Wands
 g - a wand of digging (3)
Scrolls
 c - a scroll of fog
 d - a scroll of magic mapping
 e - a scroll of fear
Potions
 f - a potion of haste


   Skills:
 + Level 6.4 Fighting
 + Level 0.0 Short Blades
 + Level 0.0 Long Blades
 + Level 4.4 Axes
 + Level 0.0 Maces & Flails
 + Level 0.0 Polearms
 + Level 0.0 Staves
 + Level 0.0 Slings
 + Level 0.0 Bows
 + Level 0.0 Crossbows
 + Level 0.0 Throwing
 + Level 0.0 Armour
 + Level 4.4 Dodging
 + Level 9.5 Stealth
 + Level 0.0 Shields
 + Level 0.0 Unarmed Combat
 + Level 0.0 Spellcasting
 + Level 0.0 Conjurations
 + Level 0.0 Hexes
 + Level 0.0 Summonings
 + Level 0.0 Necromancy
 + Level 0.0 Translocations
 + Level 0.0 Transmutations
 + Level 0.0 Fire Magic
 + Level 0.0 Ice Magic
 + Level 0.0 Air Magic
 + Level 0.0 Earth Magic
 + Level 0.0 Poison Magic
 + Level 0.0 Invocations
 + Level 0.0 Evocations


You couldn't memorise any spells.
You didn't know any spells.
Your spell library was empty.

Dungeon Overview and Level Annotations

Branches:
Dungeon (5/15)
 Temple: D:4-7

Altars:

Annotations:
D:4 Blork the orc, Natasha, Sigmund
D:5 3 runed translucent doors


Innate Abilities, Weirdness & Mutations

You have very sharp teeth.
Your uncanny sense of smell can sniff out nearby items.
Your experience applies equally to all skills.


Message History

You now have 17 gold pieces.
There is a stone staircase leading up here.
Found a scroll of magic mapping.
d - 2 scrolls of magic mapping (gained 1)
Found 12 gold pieces.
Found 16 gold pieces.
Found a runed translucent gate.
Found 20 stones.
There is a stone staircase leading up here.
You climb upwards.
Found 16 bolts.
There is a stone staircase leading down here.
The helpless ball python fails to defend itself.
You slash the ball python!
You kill the ball python!
You see here 16 bolts.
Found an escape hatch in the floor.
A giant cockroach, an orc and Natasha come into view.
You see here 16 bolts.
Blork the orc comes into view.
He is wielding a +0 flail.
An iguana comes into view. 2 kobolds and Sigmund come into view.
There is a stone staircase leading down here.
You climb downwards.
You hear the hiss of flowing sand.
There is an entrance to an ossuary on this level.
Hurry and find it before the portal is buried!
Level annotation: 3 runed translucent doors You hear the slow hiss of an avalanche of sand nearby.
There is a stone staircase leading up here.
As you read the scroll of magic mapping, it crumbles to dust.
You feel aware of your surroundings.
You sensed 1 altar, and 4 shops/portals.
An ogre comes into view. It is wielding a +0 giant club.
The ogre shouts!
Found a stone staircase leading up.
The ogre hits you with a +0 giant club!
Ouch! That really hurt!
You hit the ogre.
The ogre is lightly wounded.
A phantom comes into view.
The ogre hits you with a +0 giant club!
You die...

***,****,**
*,*******,*,,,,,,,,,, *,* #.#
*,,,,..,,,*,*******,, *.* #.#
*,***.#****,* *,, ##.* #.#
*,<,,.W,,,,,* *,, #..* #.#
*****.#****** **,, *#.#* ##.#
*.# *,,, *#.# ##..# *.# *,*,
*#(###...########O# *,*,
##.##...........@.#####** *,*,
#..###...#####..........* *,*,
.........# #.########<******,**
##.####.######.# *,,,,,,,,,,*
........<......#*****,*,********
##.####.######.......,*,*
##.####.#####...#####**,*
.......>........# *,*
........#####...# *,*********


You could see a phantom and an ogre.

Vanquished Creatures
  A ball python (D:4)
1 creature vanquished.

Notes
Turn   | Place    | Note
-------+----------+-------------------------------------------
     0 | D:5      | Reached skill level 9 in Stealth
     0 | D:5      | Ijustatesigmund the Gnoll Delver began the quest for the
                  | Orb.
     0 | D:5      | Reached XP level 1. HP: 23/23 MP: 1/1
    22 | D:5      | Found a runed translucent gate.
    23 | D:5      | Found a runed translucent gate.
    24 | D:5      | Found a runed translucent gate.
    42 | D:4      | Noticed Natasha
    54 | D:4      | Noticed Blork the orc
    55 | D:4      | Noticed an iguana
    64 | D:4      | Noticed Sigmund
    81 | D:5      | Noticed an ogre
    86 | D:5      | Noticed a phantom
    86 | D:5      | Slain by an ogre

Illustrated notes

Levels and vault maps discovered:
D:4:      layout_rooms, serial_shops, shop, uniq_natasha, uniq_sigmund,
          uniq_blork_the_orc
D:5:      layout_loops_ring, gup_ossuary_entry_pyramid, ebering_ghost_gozag

Skill      XL: | |
---------------+-+-----
Stealth        | |  9.5
Fighting       | |  6.4
Axes           | |  4.4
Dodging        | |  4.4

Action                   || total
-------------------------++-------
Melee: Hand axe          ||     2
  Use: Scroll            ||     1
 Stab: Sleeping          ||     1

Table legend: (Time is in decaauts)
 A = Elapsed time spent in this place.
 B = Non-inter-level travel time spent in this place.
 C = Inter-level travel time spent in this place.
 D = Time resting spent in this place.
 E = Time spent auto-exploring this place.
 F = Levels seen in this place.
 G = Mean time per level.
                   A        B        C        D        E       F      G
               +--------+--------+--------+--------+--------+-----+--------+
         Total |     86 |     86 |      0 |      0 |      0 |   2 |   43.0 |
       Dungeon |     86 |     86 |      0 |      0 |      0 |   2 |   43.0 |
               +--------+--------+--------+--------+--------+-----+--------+

Top non-repeatable levels by time:
     D:5: 43 daAuts
     D:4: 42 daAuts
